 Dungeon Crawl Stone Soup version 0.17-a0-1069-g92ad481 (webtiles) character file.

107 Ruokin the Charmwright (level 5, 0/40 HPs)
             Began as a Human Skald on May 17, 2015.
             Succumbed to a worker ant's poison
             ... on level 3 of the Dungeon.
             The game lasted 00:07:57 (2548 turns).

Ruokin the Charmwright (Human Skald)                Turns: 2548, Time: 00:07:57

Health: 0/40       AC:  7    Str: 13    XL:     5   Next: 11%
Magic:  7/8        EV: 18    Int: 12    God:
Gold:   132        SH:  0    Dex: 18    Spells: 1 memorised, 7 levels left

rFire  . . .     SeeInvis .     a - +0 mace
rCold  . . .     Clarity  .     b - +0 leather armour
rNeg   . . .     SustAb   .     (no shield)
rPois  .         Gourm    .     j - +0 helmet
rElec  .         Spirit   .     q - +1 cloak
rCorr  .         Warding  .     e - +0 pair of gloves
rMut   .         Stasis   .     (no boots)
MR     .....                    (no amulet)
Stlth  ++........               (no ring)
                                (no ring)

@: agile, lethally poisoned (0 -> -10), not resistant to hostile enchantments,
unstealthy
A: no striking features
a: no special abilities


You were on level 3 of the Dungeon.
You were not hungry.

You visited 1 branch of the dungeon, and saw 3 of its levels.

You collected 132 gold pieces.

Inventory:

Hand weapons
 a - a +0 mace (weapon)
 n - a +4 dagger
Armour
 b - a +0 leather armour (worn)
 e - a +0 pair of gloves (worn)
 j - a +0 helmet (worn)
 q - a +1 cloak (worn)
Potions
 h - a potion of haste {unknown}
 i - 2 potions of flight {unknown}
 k - 2 potions of ambrosia {unknown}
 l - a potion of agility
 m - a potion of cure mutation {unknown}
Books
 c - a book of Battle

   Spells                             Type                      Level
   a - Infusion                       Charms                       1
   b - Shroud of Golubria             Charms/Translocation         2
   c - Song of Slaying                Charms                       2
   d - Spectral Weapon                Hexes/Charms                 3
   e - Regeneration                   Charms/Necromancy            3
Comestibles
 d - a bread ration
 f - a slice of pizza
 o - a meat ration


   Skills:
 + Level 2.9 Fighting
 + Level 2.2 Maces & Flails
 + Level 1.5 Armour
 + Level 2.6 Dodging
 + Level 2.1 Spellcasting
 + Level 3.5 Charms


You had 7 spell levels left.
You knew the following spells:

 Your Spells              Type           Power        Failure   Level  Hunger
a - Infusion              Chrm           #.....       10%         1    ##.....


Dungeon Overview and Level Annotations

Branches:
Dungeon (3/15)

Altars:


Message History

You hit the worker ant but do no damage.
You feel sick. The worker ant closely misses you.
An orc comes into view. It is wielding a club.
You feel sick. The worker ant barely misses you.
You hit the worker ant but do no damage.
You feel sick. The worker ant barely misses you.
You closely miss the worker ant.
You feel sick. The worker ant closely misses you. The hobgoblin misses you.
The worker ant bites you!
* * * LOW HITPOINT WARNING * * *
* * * LOW HITPOINT WARNING * * *
You feel sick.
* * * LOW HITPOINT WARNING * * *
You feel sick. The worker ant bites you.
* * * LOW HITPOINT WARNING * * *
You are more poisoned.
The worker ant poisons you!
It was a potion of agility.
You feel agile all of a sudden.
You die...

#..# #.# .#
##.### #.##.##.#
#...# #...[...#
####.# ##o#####..
###.##.## #).#
.........###.##
####.##.g..o.####
# #a#.......#
#@#######.... #.#
... #[. . ##.# ..
##. . .


You could see a worker ant and a hobgoblin.

Vanquished Creatures
  3 adders (D:2)
  3 oozes (D:1)
  A worm (D:2)
  2 giant geckos
  2 orcs (D:3)
  4 giant cockroaches
  8 goblins
  8 hobgoblins
  9 kobolds
  A ball python (D:2)
  4 bats
  2 giant newts
  7 jackals (D:1)
  7 rats
61 creatures vanquished.

Notes
Turn   | Place    | Note
--------------------------------------------------------------
     0 | D:1      | Ruokin the Human Skald began the quest for the Orb.
     0 | D:1      | Reached XP level 1. HP: 16/16 MP: 3/3
    11 | D:1      | Reached XP level 2. HP: 21/23 MP: 5/5
   100 | D:1      | Reached XP level 3. HP: 4/28 MP: 0/6
  1542 | D:1      | Reached XP level 4. HP: 34/34 MP: 7/7
  2279 | D:2      | Reached XP level 5. HP: 25/40 MP: 8/8
  2547 | D:3      | HP: 1/40 [worker ant (3)]
  2548 | D:3      | Succumbed to a worker ant's poison

Vault maps used:
D:1:      matt_arrival_grand_opening, minmay_misc_feat_square
D:2:      grunt_ministairs_13
D:3:      hangedman_decor_clover_reticule

Action                   |  1- 3 |  4- 6 || total
-------------------------+-------+-------++-------
Melee: Mace              |   109 |   116 ||   225
 Cast: Infusion          |     2 |     2 ||     4
  Use: Scroll            |       |     4 ||     4
       Potion            |       |     1 ||     1
  Eat: Bread ration      |     1 |       ||     1
       Pizza             |       |     1 ||     1
